 Dungeon Crawl Stone Soup version 0.13-a0-1585-g6f4f798 (webtiles) character file.

1846 Kae the Slinger (level 9, -3/54 HPs)
             Began as a Halfling Hunter on June 12, 2013.
             Was a Follower of Okawaru.
             Slain by an orc warrior
             ... wielding a +0,+2 orcish halberd
              (30 damage)
             ... on Level 6 of the Dungeon.
             The game lasted 00:08:56 (4844 turns).

Kae the Slinger (Halfling Hunter)                   Turns: 4844, Time: 00:08:57

HP  -3/54        AC  5     Str  9      XL: 9   Next: 15%
MP   7/8         EV 18     Int 11      God: Okawaru [*.....]
Gold 258         SH  0     Dex 20      Spells:  0 memorised,  8 levels left

Res.Fire  : . . .   See Invis. : .   b - +1,+2 sling
Res.Cold  : . . .   Warding    : .   d - +1 leather armour
Life Prot.: . . .   Conserve   : .   (no shield)
Res.Poison: .       Res.Corr.  : .   (no helmet)
Res.Elec. : .       Clarity    : .   p - +0 cloak (curse)
Sust.Abil.: . .     Spirit.Shd : .   (no gloves)
Res.Mut.  : .       Stasis     : .   (no boots)
Res.Rott. : .       Flight     : .   (no amulet)
Saprovore : . . .                    (no ring)
                                     (no ring)

@: heroism, slightly resistant to hostile enchantments, very stealthy
A: mutation resistance 1, slow metabolism 1
a: Heroism, Renounce Religion


You were on level 6 of the Dungeon.
You worshipped Okawaru.
Okawaru was pleased with you.
You were not hungry.

You visited 2 branches of the dungeon, and saw 7 of its levels.

You collected 238 gold pieces.

Inventory:

Hand weapons
 a - a +0,+0 short sword
 b - a +1,+2 sling (weapon)
 w - a +0,+0 sling
Missiles
 c - 8 sling bullets
 k - 17 sling bullets of flame
 n - 24 stones (quivered)
Armour
 d - a +1 leather armour (worn)
 p - a cursed +0 cloak (worn)
 t - a +0 cloak
Magical devices
 s - a wand of frost (15)
 v - a wand of frost (9)
Comestibles
 f - 5 bread rations
 g - a pear
 q - a choko
 r - 3 meat rations
 x - 3 chunks of orc flesh
Scrolls
 e - 2 scrolls of teleportation
 h - a scroll of enchant weapon II
 i - 4 scrolls of magic mapping
 m - 3 scrolls of identify
 o - a scroll of fog
 y - a scroll of enchant armour
 A - 2 scrolls of remove curse {unknown}
Potions
 j - 4 potions of curing
 l - 3 potions of restore abilities {unknown}
 u - a potion of might {unknown}
 z - a potion of poison {unknown}
 B - a potion of paralysis {unknown}
 C - a potion of brilliance {unknown}
 D - a potion of mutation {unknown}


   Skills:
 - Level 0.8(5.8) Fighting
 + Level 14.8(19.8) Slings
 - Level 2.4(7.4) Dodging
 - Level 1.3(6.3) Stealth


You had 8 spell levels left.
You didn't know any spells.

Dungeon Overview and Level Annotations

Branches:
Dungeon (6/27)             Temple (1/1) D:5             Orc (0/4) D:6

Altars:
Ashenzari
Kikubaaqudgha
Makhleb
Nemelex Xobeh
Okawaru
Sif Muna
Xom


Innate Abilities, Weirdness & Mutations

You are small and have problems with some larger weapons.
You are somewhat resistant to further mutation.
You have a slow metabolism.


Message History

The orc warrior is severely wounded.
The orc warrior hits you from afar with an orcish halberd!
Firing (i - inventory. (,) - cycle):
n - 27 stones (quivered)
Press: ? - help, Shift-Dir - straight line, f/p - orc warrior
Aim: an orc warrior, wielding an orcish halberd and wearing an orcish chain mail (severely wounded)
You shoot a stone. The stone hits the orc warrior.
The orc warrior is severely wounded.
Firing (i - inventory. (,) - cycle):
n - 26 stones (quivered)
Press: ? - help, Shift-Dir - straight line, f/p - orc warrior
Aim: an orc warrior, wielding an orcish halberd and wearing an orcish chain mail (severely wounded)
You shoot a stone. The stone hits the orc warrior.
The orc warrior is almost dead.
The orc warrior barely misses you.
Firing (i - inventory. (,) - cycle):
n - 25 stones (quivered)
Press: ? - help, Shift-Dir - straight line, f/p - orc warrior
Aim: an orc warrior, wielding an orcish halberd and wearing an orcish chain mail (almost dead)
You shoot a stone. The stone misses the orc warrior.
The orc warrior hits you from afar with an orcish halberd!
Ouch! That really hurt!
You die...

###......# #..#.. ...#.#.#
#...#.....##.#.##..##.. .#.
#.........##.#...#. #.. ..
#.........##.##.#..#(>#.
#.>.......## .#..(..#
...<.......## #(#((#.# . .
...........%### .o....# . .#
...........#..###...# .#.#
...........###..@...# ##..
...........# #####.## #..#
...........###################.##
....(............................
.................................
.................................
.................................
...#...........#...#.............
...................#.............


You could see an orc warrior.

Vanquished Creatures
  An ice beast (D:4)
  An ogre (D:5)
  A sky beast (D:5)
  2 centaurs (D:6)
  A warg (D:6)
  2 giant frogs
  A giant frog zombie (D:5)
  A giant frog skeleton (D:5)
  3 crimson imps (D:5)
  2 hounds (D:5)
  Crazy Yiuf (D:4)
  5 orc priests
  2 orc wizards (D:3)
  3 worker ants
  3 scorpions (D:5)
  A worker ant zombie (D:5)
  Ijyb (D:2)
  Jessica (D:2)
  A jelly (D:6)
  Terence (D:2)
  8 adders
  A worm (D:6)
  4 giant geckos
  2 oozes
  26 orcs
  A giant cockroach (D:5)
  12 hobgoblins
  2 jackals (D:2)
  13 kobolds
  4 quokkas
  3 ball pythons
  8 bats
  5 giant newts
  A giant newt skeleton (D:5)
  14 goblins
  A hobgoblin zombie (D:6)
  13 rats
152 creatures vanquished.

Notes
Turn   | Place    | Note
--------------------------------------------------------------
     0 | D:1      | Kae, the Halfling Hunter, began the quest for the Orb.
     0 | D:1      | Reached XP level 1. HP: 14/14 MP: 0/0
    62 | D:1      | Reached skill level 6 in Slings
   154 | D:1      | Reached XP level 2. HP: 6/19 MP: 1/1
   541 | D:1      | Found a shimmering altar of Xom.
   795 | D:2      | Reached skill level 7 in Slings
   795 | D:2      | Reached XP level 3. HP: 24/24 MP: 2/2
  1232 | D:2      | Reached XP level 4. HP: 29/29 MP: 3/3
  1238 | D:2      | Noticed Ijyb
  1246 | D:2      | Killed Ijyb
  1246 | D:2      | Reached skill level 8 in Slings
  1295 | D:2      | Noticed Jessica
  1297 | D:2      | Killed Jessica
  1421 | D:2      | Reached XP level 5. HP: 34/34 MP: 4/4
  1467 | D:2      | Noticed Terence
  1472 | D:2      | Killed Terence
  1793 | D:3      | Reached skill level 9 in Slings
  1944 | D:3      | Reached XP level 6. HP: 22/39 MP: 5/5
  1962 | D:3      | Reached skill level 10 in Slings
  2715 | D:4      | Noticed Crazy Yiuf
  2721 | D:4      | Killed Crazy Yiuf
  2884 | D:4      | Noticed an ice beast
  2889 | D:4      | Killed an ice beast
  2889 | D:4      | Reached skill level 11 in Slings
  2889 | D:4      | Reached XP level 7. HP: 44/44 MP: 6/6
  3174 | D:5      | Entered Level 5 of the Dungeon
  3189 | D:5      | Found a sparkling altar of Nemelex Xobeh.
  3274 | D:5      | Reached skill level 12 in Slings
  3412 | D:5      | Reached XP level 8. HP: 49/49 MP: 7/7
  3526 | D:5      | Reached skill level 13 in Slings
  3808 | D:5      | Found a deep blue altar of Sif Muna.
  4047 | D:5      | Found a staircase to the Ecumenical Temple.
  4053 | Temple   | Entered the Ecumenical Temple
  4065 | Temple   | Became a worshipper of Warmaster Okawaru
  4361 | D:6      | Reached skill level 14 in Slings
  4387 | D:6      | Found a staircase to the Orcish Mines.
  4496 | D:6      | Acquired Okawaru's first power
  4553 | D:6      | Reached XP level 9. HP: 54/54 MP: 8/8
  4844 | D:6      | Slain by an orc warrior

Action                   |  1- 3 |  4- 6 |  7- 9 || total
-------------------------+-------+-------+-------++-------
Melee: Short sword       |    25 |       |       ||    25
 Fire: Sling             |    41 |   123 |   236 ||   400
Invok: Heroism           |       |       |     1 ||     1
  Use: Scroll            |       |     8 |     4 ||    12
